 Dungeon Crawl Stone Soup version 0.27-a0-1202-ge72e49191c (webtiles) character file.

Game seed: 4392462308478582125

137056 Kinoniko the Warrior (level 17, 0/303 HPs)
             Began as an Ogre Berserker on June 3, 2021.
             Was a High Priest of Trog.
             Engulfed by a bog body's freezing vapour (1 damage)
             ... on level 3 of the Swamp.
             The game lasted 00:35:08 (35101 turns).

Kinoniko the Warrior (Ogre Berserker)              Turns: 35101, Time: 00:35:09

Health: 0/303      AC: 14    Str: 30    XL:     17   Next: 23%
Magic:  0/26       EV: 10    Int: 12    God:    Trog [*****.]
Gold:   3087       SH: 23    Dex:  8    Spells: 16/16 levels left

rFire    . . .     SeeInvis +   R - +5 broad axe (freeze)
rCold    + + +     Faith    .   S - +2 tower shield
rNeg     . . .     Spirit   +   M - +4 skin of Zhor {*Englaciate rC+++ SInv}
rPois    .         Reflect  .   u - +1 hat
rElec    .         Harm     .   r - +1 cloak
rCorr    .         Rampage  .   (gloves unavailable)
Will     +....                  (boots unavailable)
Stlth    ..........             n - amulet of guardian spirit
HPRegen  0.60/turn              L - ring of magical power
MPRegen  0.20/turn              y - ring of the Thirsty Moons {AC+4 Int+4}

@: berserking (expiring), slow
A: large, unfitting armour, tough skin 1
a: Renounce Religion, Berserk, Trog's Hand, Brothers in Arms


You were on level 3 of the Swamp.
You worshipped Trog.
Trog was extremely pleased with you.
You visited 4 branches of the dungeon, and saw 26 of its levels.
You also visited: Ossuary.

You collected 3717 gold pieces.
You spent 630 gold pieces at shops.

Inventory:

Hand Weapons
 N - the +4 broad axe of Yeast {flame, Str+3}
   (You found it on level 11 of the Dungeon)

   It has been specially enchanted to burn those struck by it, causing extra
   injury to most foes and up to half again as much damage against particularly
   susceptible opponents.
   Big, fiery blades are also staple armaments of hydra-hunters.
   It affects your strength (+3).
 R - a +5 broad axe of freezing (weapon)
Missiles
 b - 14 atropa-tipped darts
 q - 4 throwing nets
 Q - 6 boomerangs of dispersal
 Z - 3 curare-tipped darts
Armour
 g - a scarf of shadows
 r - a +1 cloak (worn)
 u - a +1 hat (worn)
 M - the +4 skin of Zhor (worn) {*Englaciate rC+++ SInv}
   (You acquired it on level 1 of the Lair of Beasts)

   It renders you almost immune to cold.
   It lets you see invisible.
 S - a +2 tower shield (worn)
Jewellery
 c - a ring of protection from fire
 n - an amulet of guardian spirit (around neck)
 v - a ring of willpower
 x - a ring of positive energy
 y - the ring of the Thirsty Moons (right hand) {AC+4 Int+4}
   (You found it on level 5 of the Dungeon)

   [ring of protection]

   It affects your AC (+4).
   It affects your intelligence (+4).
 C - a ring of protection from fire
 E - a ring of magical power
 J - a ring of willpower
 L - a ring of magical power (left hand)
 T - a ring of protection from fire
 U - a +6 ring of dexterity
Wands
 e - a wand of iceblast (20)
 A - a wand of paralysis (8)
 F - a wand of flame (16)
 I - a wand of acid (22)
 K - a wand of polymorph (34)
Scrolls
 d - 18 scrolls of teleportation
 k - 4 scrolls of fog
 o - a scroll of blinking
 s - 2 scrolls of vulnerability
 V - 4 scrolls of identify
 X - a scroll of magic mapping
Potions
 f - 13 potions of curing
 h - 4 potions of berserk rage
 i - 5 potions of haste
 j - 3 potions of ambrosia
 m - 9 potions of flight
 p - 6 potions of magic
 t - 4 potions of mutation
 z - 6 potions of attraction
 B - 5 potions of might
 D - 3 potions of lignification
 G - a potion of cancellation
 H - 3 potions of heal wounds
 P - 3 potions of invisibility


   Skills:
 + Level 20.4 Fighting
 - Level 18.7 Axes
 - Level 2.2 Armour
 - Level 3.9 Dodging
 * Level 14.3 Shields


You had 16 spell levels left.
You didn't know any spells.
Your spell library contained the following spells:

 Spells                   Type           Power      Damage    Failure   Level
 Poisonous Vapours        Pois/Air       0%         N/A       50%         2
 Conjure Flame            Conj/Fire      0%         6-21      75%         3
 Mephitic Cloud           Conj/Pois/Air  0%         N/A       75%         3
 Freezing Cloud           Conj/Ice/Air   0%         6-21      100%        6


Dungeon Overview and Level Annotations

Branches:
Dungeon (15/15)            Temple (0/1) D:4            Lair (6/6) D:10
  Swamp (3/4) Lair:3       Spider (0/4) Lair:2        Slime (0/5) Lair:5
    Orc (2/2) D:10            Elf (0/3) Orc:2        Vaults (0/5) D:14
 Depths (0/5) D:15        Ossuary (visited)

Altars:
Dithmenos
Fedhas
Hepliaklqana
Makhleb
Qazlal
Ru
Sif Muna
Trog
Wu Jian
The Shining One
Beogh
Jiyva

Shops:
D:6 *   Orc:2 (:*!

Annotations:
D:5 2 transporters, tape's ghost, novice DsWr
Lair:5 exclusion: oklob plant


Innate Abilities, Weirdness & Mutations

You are too large for most types of armour.
You have tough skin. (AC +1)


Message History

Unknown command.
Unknown command.
Unknown command.
Unknown command.
Unknown command.
Unknown command.
Unknown command.
Unknown command.
Unknown command.
Unknown command.
You slash Bai Suzhen!
You kill Bai Suzhen!
Trog accepts your kill.
You hear a splash.
The storm dragon scales {Bai Suzhen} are intact enough to wear.
You closely miss the necrophage. You slash the ghoul!
The bog body casts a spell at you.
The bolt of cold hits the necrophage!
The necrophage resists.
The necrophage is destroyed!
The bolt of cold hits you. You resist.
* * * LOW HITPOINT WARNING * * *
Unknown command.
Unknown command.
Unknown command.
Unknown command.
Unknown command.
Unknown command.
Unknown command.
Unknown command.
Unknown command.
Unknown command.
Unknown command.
Unknown command.
Unknown command.
Unknown command.
You cut the ghoul into ribbons!!! You freeze the ghoul.
You destroy the ghoul!
Trog accepts your kill.
You are engulfed in freezing vapours.
You resist.
You die...

..♣♣♣♣♣♣§.♣♣≈♣.♣♣♣♣
≈≈≈♣≈...≈≈..≈..≈♣.♣♣
≈≈.≈...§.....≈.≈≈..♣
≈≈..§≈≈.......≈.≈.♣
≈≈......#####...≈)♣
≈≈.♣≈..## ##....♣♣ ♣
≈..♣..## ##...≈♣.♣♣
.≈....# #≈.≈..≈.♣
.≈≈.... #†@§§..≈♣
......#.
#...'†§[§.≈§.♣ ≈≈
....##.n§§≈.≈≈♣ ..
... .....≈.≈♣♣ ♣≈ ##
.....≈.≈♣♣ ♣
...≈≈.≈♣♣♣ ♣
..≈♣≈♣♣♣♣ ≈♣ ..<§≈.
♣♣


You could see a bog body.

Vanquished Creatures
  Bai Suzhen (Swamp:3)
  A thorn hunter (Swamp:2)
  A fenstrider witch (Swamp:2)
  An orc warlord (D:10)
  3 ghouls (Swamp:3)
  4 bunyips
  The ghost of Veteran the Blocker, a journeyman FoFi of Okawaru (D:13)
  A fire dragon (D:15)
  4 eleionomae
  The ghost of tape the Transmogrifier, a journeyman OpTm of Sif Muna (D:11)
  Harold (D:9)
  4 boulder beetles
  An ogre mage (D:14)
  13 hydras
  An ice dragon (D:15)
  6 two-headed ogres
  3 centaur warriors
  2 dancing weapons (D:14)
  Erica (Orc:1)
  A catoblepas (D:13)
  5 alligators (Swamp:1)
  5 death yaks (Lair:3)
  A tengu warrior (D:15)
  4 orc high priests (Orc:2)
  A spriggan berserker (Swamp:3)
  Urug (Lair:3)
  A fire crab (Lair:4)
  3 goliath frogs
  6 spriggan druids
  8 bog bodies
  2 swamp dragons
  A necromancer (Swamp:2)
  14 ugly things
  A wolf spider (D:15)
  3 orc sorcerers (Orc:2)
  An orc knight (D:11)
  A will-o-the-wisp (Swamp:2)
  2 manticores
  2 cyclopes
  18 elephants
  4 molten gargoyles (D:10)
  6 black mambas
  A torpor snail (Lair:3)
  A gargoyle (D:11)
  A freezing wraith (D:15)
  13 cane toads
  4 rime drakes
  Maggie (D:6)
  8 komodo dragons
  An efreet (D:13)
  5 yaktaurs (D:15)
  7 trolls
  Grinder (D:6)
  2 polar bears
  14 hornets
  2 meliai zombies (D:11)
  4 tyrant leeches
  17 blink frogs
  18 slime creatures
  25 spriggans
  39 yaks
  5 wraiths
  4 wyverns
  3 vampires
  A hog (shapeshifter) (D:15)
  3 steam dragons
  4 vampire mosquitoes
  5 basilisks
  9 wargs
  16 swamp worms
  12 water moccasins
  7 black bears
  Duvessa (D:6)
  30 orc warriors
  An ice beast (D:6)
  11 ogres
  3 necrophages (Swamp:3)
  2 sky beasts
  21 wolves
  3 boggarts (Lair:6)
  14 centaurs
  A kobold brigand (D:10)
  8 bullfrogs
  4 scorpions
  Dowan (D:6)
  A water moccasin skeleton (D:4)
  9 killer bees
  20 wights
  7 howler monkeys
  An electric eel (D:9)
  2 lava snakes (D:10)
  5 centaur zombies
  3 hounds
  A jelly (D:4)
  A bullfrog skeleton (D:6)
  2 gnoll shamans
  26 orc priests
  8 iguanas
  3 centaur skeletons
  Ijyb (D:4)
  6 hell rats (Lair:1)
  Natasha (thrice) (D:2)
  32 orc wizards
  A killer bee zombie (D:6)
  A hound skeleton (D:4)
  A mummy (Ossuary)
  4 adders
  5 gnolls
  A howler monkey skeleton (D:6)
  2 shadow imps
  2 white imps
  An adder skeleton (D:4)
  4 worms
  2 dart slugs (D:4)
  75 orcs
  5 ball pythons
  A bat (D:3)
  3 endoplasms
  5 giant cockroaches
  7 hobgoblins
  4 jackals (D:1)
  4 quokkas
  2 frilled lizards (D:2)
  4 gnoll skeletons (Ossuary)
  11 goblins
  10 kobolds
  10 kobold skeletons (Ossuary)
  11 orc skeletons (Ossuary)
  3 rats
  A bush (D:10)
785 creatures vanquished.

Vanquished Creatures (collateral kills)
  A hydra (Lair:3)
  A deep elf knight (D:13)
  A deep elf archer (D:13)
  An elephant (D:13)
4 creatures vanquished.

Vanquished Creatures (others)
  A wizard (D:6)
  A bloated husk (Swamp:1)
  A necrophage (Swamp:3)
  An orc priest (Orc:2)
  An orc (D:9)
  4 foxfires (Swamp:2)
  24 fungi
  37 plants
70 creatures vanquished.

Grand Total: 859 creatures vanquished

Notes
Turn   | Place    | Note
-------+----------+-------------------------------------------
     0 | D:1      | Kinoniko the Ogre Berserker began the quest for the Orb.
     0 | D:1      | Reached XP level 1. HP: 24/24 MP: 1/1
   191 | D:1      | Reached XP level 2. HP: 31/32 MP: 2/2
   884 | D:2      | Noticed Natasha
   894 | D:2      | Killed Natasha
   895 | D:2      | Reached XP level 3. HP: 40/40 MP: 3/3
   896 | D:2      | Reached XP level 4. HP: 49/49 MP: 4/4
   971 | D:2      | Reached ** piety under Trog
  1006 | D:2      | Noticed Natasha
  1012 | D:2      | Killed Natasha
  1013 | D:2      | Reached skill level 5 in Fighting
  1054 | D:2      | Noticed Natasha
  1061 | D:2      | Killed Natasha
  1453 | D:2      | Found a faded altar of an unknown god.
  1504 | D:3      | Reached skill level 5 in Axes
  1504 | D:3      | Reached XP level 5. HP: 57/57 MP: 5/5
  1789 | D:3      | Reached XP level 6. HP: 61/67 MP: 6/6
  1924 | D:3      | Reached skill level 6 in Fighting
  2541 | D:4      | Identified a scroll of acquirement
  2542 | D:4      | Acquired a +0 battleaxe of flaming
  3044 | D:4      | Reached XP level 7. HP: 32/76 MP: 7/7
  3276 | D:4      | Noticed Ijyb
  3283 | D:4      | Killed Ijyb
  3284 | D:4      | Reached skill level 7 in Fighting
  3600 | D:4      | Found a staircase to the Ecumenical Temple.
  4272 | D:4      | Reached *** piety under Trog
  4281 | D:4      | Reached XP level 8. HP: 87/87 MP: 8/8
  4917 | D:5      | Entered Level 5 of the Dungeon
  4921 | D:5      | Found a sand-covered staircase.
  4932 | Ossuary  | Entered an ossuary
  4932 | Ossuary  | Noticed a wraith
  4932 | Ossuary  | Noticed a wraith
  4932 | Ossuary  | Noticed a wraith
  4997 | Ossuary  | Reached **** piety under Trog
  5014 | Ossuary  | Noticed a wraith
  5029 | Ossuary  | Killed a wraith
  5257 | D:5      | Found a blossoming altar of Fedhas.
  5257 | D:5      | Found a sacrificial altar of Ru.
  5259 | D:5      | Found a burning altar of Makhleb.
  5426 | D:5      | Found a transporter.
  5428 | D:5      | Noticed tape's ghost (novice DsWr)
  5433 | D:5      | Found a transporter.
  5478 | D:5      | Noticed a yak
  5480 | D:5      | Noticed a yak
  5484 | D:5      | Killed a yak
  5485 | D:5      | Reached skill level 10 in Axes
  5487 | D:5      | Noticed a yak
  5488 | D:5      | Killed a yak
  5489 | D:5      | Reached XP level 9. HP: 93/93 MP: 9/9
  5568 | D:5      | Found an ornate altar of the Wu Jian Council.
  5668 | D:5      | Found a glowing golden altar of the Shining One.
  5822 | D:5      | Identified the ring of the Thirsty Moons {AC+4 Int+4}
  6191 | D:6      | Found a bloodstained altar of Trog.
  6192 | D:6      | Noticed a wizard
  6197 | D:6      | Killed a wizard
  6529 | D:6      | Found Toed's Assorted Antiques.
  6540 | D:6      | Noticed Dowan
  6541 | D:6      | Noticed Duvessa
  6547 | D:6      | Killed Duvessa
  6547 | D:6      | Killed Dowan
  6565 | D:6      | Noticed Maggie
  6578 | D:6      | Killed Maggie
  7024 | D:6      | Noticed Grinder
  7032 | D:6      | Killed Grinder
  7589 | D:7      | Reached XP level 10. HP: 90/102 MP: 8/10
  8733 | D:8      | Reached ***** piety under Trog
  9558 | D:8      | Found a shimmering blue altar of Sif Muna.
 10136 | D:9      | Noticed Harold
 10146 | D:9      | Killed Harold
 10390 | D:9      | Reached skill level 15 in Axes
 10493 | D:9      | Reached XP level 11. HP: 109/109 MP: 11/11
 10515 | D:9      | Noticed a two-headed ogre
 10522 | D:9      | Killed a two-headed ogre
 10716 | D:9      | Found a shadowy altar of Dithmenos.
 10809 | D:9      | Reached skill level 8 in Fighting
 11295 | D:9      | Paralysed by a hornet for 3 turns
 11487 | D:10     | Entered Level 10 of the Dungeon
 11563 | D:10     | Found a stormy altar of Qazlal.
 11573 | D:10     | Found a staircase to the Lair.
 11930 | D:10     | Reached skill level 9 in Fighting
 12301 | D:10     | Found a staircase to the Orcish Mines.
 12301 | D:10     | Noticed a two-headed ogre
 12307 | D:10     | Killed a two-headed ogre
 13072 | Lair:1   | Entered Level 1 of the Lair of Beasts
 13073 | Lair:1   | Acquired the +4 skin of Zhor {*Englaciate rC+++ SInv}
 13074 | Lair:1   | Found the +4 skin of Zhor {*Englaciate rC+++ SInv}
 13194 | Lair:1   | Noticed a five-headed hydra
 13201 | Lair:1   | Killed a one-headed hydra
 13677 | Lair:1   | Reached skill level 10 in Fighting
 14441 | Lair:2   | Reached XP level 12. HP: 126/126 MP: 10/12
 14446 | Lair:2   | Reached skill level 1 in Armour
 14448 | Lair:2   | Found a hole to the Spider Nest.
 14825 | Lair:2   | Noticed an eight-headed hydra
 14833 | Lair:2   | Killed a five-headed hydra
 14843 | Lair:2   | Received a gift from Trog
 15884 | Lair:2   | Reached skill level 11 in Fighting
 15921 | Lair:2   | Reached skill level 1 in Shields
 16165 | Lair:2   | Noticed a five-headed hydra
 16174 | Lair:2   | Killed an 11-headed hydra
 16277 | Lair:2   | Noticed a five-headed hydra
 16290 | Lair:2   | Killed an eight-headed hydra
 16628 | Lair:3   | Noticed a death yak
 16629 | Lair:3   | Noticed Urug
 16632 | Lair:3   | Noticed a five-headed hydra
 16635 | Lair:3   | Killed a death yak
 16636 | Lair:3   | Reached XP level 13. HP: 139/139 MP: 13/13
 16640 | Lair:3   | Reached skill level 12 in Fighting
 16641 | Lair:3   | Killed Urug
 17012 | Lair:3   | Found a staircase to the Swamp.
 17876 | Lair:4   | Reached skill level 5 in Shields
 17885 | Lair:4   | Received a gift from Trog
 17895 | Lair:4   | Reached skill level 13 in Fighting
 18762 | Lair:4   | Reached XP level 14. HP: 153/153 MP: 14/14
 19439 | Lair:5   | Found a staircase to the Slime Pits.
 19440 | Lair:5   | Found a viscous altar of Jiyva.
 19792 | Lair:5   | Reached skill level 14 in Fighting
 20343 | Lair:6   | Entered Level 6 of the Lair of Beasts
 21087 | Lair:6   | Reached skill level 15 in Fighting
 21372 | Lair:6   | Acquired 1264 gold pieces
 21405 | Lair:6   | Received a gift from Trog
 21617 | Lair:6   | Paralysed by a hornet for 1 turns
 22851 | D:11     | Reached skill level 16 in Fighting
 23113 | D:11     | Found a runed translucent gate.
 23114 | D:11     | Found a runed translucent gate.
 23114 | D:11     | Noticed tape's ghost (journeyman OpTm)
 23115 | D:11     | Found a runed translucent gate.
 23361 | D:11     | Killed tape's ghost
 23366 | D:11     | Identified the +4 broad axe of Yeast {flame, Str+3}
 23671 | D:12     | Identified the +5 scale mail of Uskayaw's Condemnation {rF+
                  | Dex+6}
 23826 | D:12     | Reached XP level 15. HP: 171/171 MP: 15/15
 24423 | D:13     | Received a gift from Trog
 25310 | D:13     | Found a runed translucent gate.
 25311 | D:13     | Found a runed translucent gate.
 25312 | D:13     | Found a runed translucent gate.
 25314 | D:13     | Noticed Veteran's ghost (journeyman FoFi)
 25750 | D:13     | Reached skill level 17 in Fighting
 26026 | D:13     | Killed Veteran's ghost
 26655 | Orc:1    | Entered Level 1 of the Orcish Mines
 26655 | Orc:1    | Noticed Erica
 26662 | Orc:1    | Noticed an orc warlord
 26670 | Orc:1    | Killed Erica
 26698 | D:10     | Killed an orc warlord
 26699 | D:10     | Reached skill level 10 in Shields
 27410 | Orc:2    | Entered Level 2 of the Orcish Mines
 27475 | Orc:2    | Found a staircase to the Elven Halls.
 27528 | Orc:2    | Received a gift from Trog
 27780 | Orc:2    | Paralysed by an orc sorcerer for 5 turns
 28451 | Orc:2    | Received a gift from Trog
 28769 | Orc:2    | Found Riguif's Distillery.
 28769 | Orc:2    | Found Vuqautua's Book Shoppe.
 28770 | Orc:2    | Found Lupup's Weapon Shoppe.
 28774 | Orc:2    | Found Megokhla's General Store.
 28779 | Orc:2    | Bought a scroll of identify for 28 gold pieces
 28779 | Orc:2    | Bought a scroll of identify for 28 gold pieces
 28779 | Orc:2    | Bought a scroll of teleportation for 42 gold pieces
 29121 | Orc:2    | Reached skill level 18 in Fighting
 29243 | Orc:2    | Bought a potion of mutation for 112 gold pieces
 29243 | Orc:2    | Bought a potion of magic for 112 gold pieces
 29243 | Orc:2    | Bought a potion of ambrosia for 112 gold pieces
 29243 | Orc:2    | Bought a potion of heal wounds for 70 gold pieces
 29243 | Orc:2    | Bought 2 potions of flight for 84 gold pieces
 29243 | Orc:2    | Bought a potion of curing for 42 gold pieces
 29691 | D:14     | You fall into a shaft and drop 1 floor!
 29691 | D:15     | Entered Level 15 of the Dungeon
 29880 | D:14     | Found a hazy altar of Hepliaklqana.
 29931 | D:14     | Found a gate to the Vaults.
 30198 | D:14     | Reached XP level 16. HP: 188/188 MP: 16/16
 30409 | D:15     | Reached skill level 19 in Fighting
 30669 | D:15     | Received a gift from Trog
 31227 | D:15     | Found a staircase to the Depths.
 31436 | Swamp:1  | Entered Level 1 of the Swamp
 31849 | Swamp:1  | Identified the +4 falchion "Loarph" {protect, Stlth+}
 32752 | Swamp:2  | Noticed a thorn hunter
 32769 | Swamp:2  | Killed a thorn hunter
 33182 | Swamp:2  | Received a gift from Trog
 33483 | Swamp:2  | Noticed a fenstrider witch
 33491 | Swamp:2  | Killed a fenstrider witch
 33817 | Swamp:3  | Reached skill level 20 in Fighting
 33861 | Swamp:3  | Reached XP level 17. HP: 104/201 MP: 17/17
 35081 | Swamp:3  | Noticed Bai Suzhen
 35098 | Swamp:3  | HP: 15/301 [ghoul (5)]
 35099 | Swamp:3  | HP: 5/301 [Bai Suzhen (11)]
 35100 | Swamp:3  | Killed Bai Suzhen
 35100 | Swamp:3  | HP: 1/301 [bog body/bolt of cold (4)]
 35101 | Swamp:3  | Engulfed by a bog body's freezing vapour

Illustrated notes

Levels and vault maps discovered:
D:1:      beargit_arrival_diablo_church, layout_basic, serial_bayou,
          serial_bayou_pond_a, serial_bayou_shore_a, serial_bayou_lagoon_a,
          serial_bayou_pond_e, minivault_24
D:2:      layout_basic, shapermc_ecumenical_altar_mp_vishouse, uniq_natasha
D:3:      layout_basic, kennysheep_path_1, grunt_decor_junction,
          palyth_stone_intersect
D:4:      cheibrodos_barr_body, layout_basic, minmay_temple_entry_poolview,
          minmay_surrounded, uniq_ijyb
D:5:      layout_loops_cross, nicolae_wu_jian_wuxing_cycle, kennysheep_mini,
          grunt_temple_overflow_open, nicolae_ossuary_entry_monument,
          gammafunk_ghost_smash, hex_medium
D:6:      layout_layer_cave, trog_wizard, serial_shops, shop, uniq_grinder,
          uniq_maggie, uniq_duvessa
D:7:      layout_gridville
D:8:      layout_basic, lemuel_blue_sif_altar
D:9:      layout_basic, nicolae_dithmenos_the_darkroom, uniq_harold
D:10:     layout_cave_pools, nicolae_qazlal_eye_of_the_storm,
          erik_lair_orcish_takeover, orc_0_dummy, enter_bailey_5,
          kb_lookout_dungeons_type, minmay_misc_feat_plants, minivault_24,
          minivault_8
D:11:     layout_basic, gammafunk_ghost_hydra_chop
D:12:     layout_roguey, minmay_misc_feat_cross, minivault_27
D:13:     layout_loops_corners, ebering_ghost_rock_garden,
          beargit_elvish_explorers
D:14:     layout_rooms, erik_vaults_1, hangedman_abyss_or_decor_passed,
          nzn_hepliaklqana_mist_gate
D:15:     grunt_enter_depths_hoard, layout_rooms, chequers_serial_rivers_small_b
Lair:1:   wander_river, layout_misc_corridors, gauntlet_entry_generic,
          infiniplex_staircase_pool_2
Lair:2:   nzn_winding_woodlands_stair_cross
          [nzn_winding_woodlands_5x15_river_crossing,
          nzn_winding_woodlands_center_lodge,
          nzn_winding_woodlands_5x15_sawtooth,
          nzn_winding_woodlands_5x5_default, nzn_winding_woodlands_5x5_cross,
          nzn_winding_woodlands_5x15_pathside_ponds,
          nzn_winding_woodlands_center_pierced_h,
          nzn_winding_woodlands_5x15_garden], layout_chaotic_city,
          nicolae_spider_entry_non_spiders
Lair:3:   layout_chaotic_city, skrybe_swamp_entry_bodies, st_stairs_6, uniq_urug
Lair:4:   layout_hall_layers, infiniplex_staircase_pool
Lair:5:   layout_regular_city, slime_altar_1
Lair:6:   minmay_lair_end_enchanted_forest, layout_regular_city
Swamp:1:  layout_basic_swamp, evilmike_swamp_ruin_rubble_2, swamp_pool3
Swamp:2:  nicolae_swamp_standing_stones, layout_falls_marsh,
          evilmike_swamp_ruin_house_5, nicolae_swamp_tree_designs
Swamp:3:  layout_basic_swamp, evilmike_swamp_ruin_house_3, uniq_bai_suzhen
Orc:1:    layout_caves, lightli_orcish_oven, uniq_erica
Orc:2:    st_orc_mages, layout_caves, minmay_orc_temple_b

Skill      XL: |  1  2  3  4  5  6  7  8  9 10 11 12 13 14 15 16 17 |
---------------+----------------------------------------------------+-----
Axes           | 4 5 6 8 10 12 15 16 17 18 | 18.7
Fighting       | 5 6 7 10 11 13 16 18 20 | 20.4
Dodging        | 3 |  3.9
Armour         | 2 |  2.2
Shields        | 3 6 8 11 13 14 | 14.3

Action                   |  1- 3 |  4- 6 |  7- 9 | 10-12 | 13-15 | 16-18 || total
-------------------------+-------+-------+-------+-------+-------+-------++-------
Melee: Hand axe          |    42 |    75 |       |       |       |       ||   117
       Battleaxe         |       |    34 |   195 |   320 |       |       ||   549
       Broad axe         |       |       |       |    75 |   942 |   368 ||  1385
Invok: Berserk           |     2 |     6 |    11 |    24 |    30 |    12 ||    85
       Brothers in Arms  |       |       |       |       |     2 |       ||     2
       Trog's Hand       |       |       |       |       |     1 |       ||     1
  Use: Scroll            |       |     6 |     6 |     9 |    16 |     2 ||    39
       Potion            |       |       |     1 |     1 |     6 |     1 ||     9
 Stab: Distracted        |       |       |       |     1 |     1 |       ||     2
Armor: Animal skin       |    18 |    18 |    43 |    62 |   281 |    89 ||   511
       Steam dragon scal |       |       |     6 |   103 |       |       ||   109
       Skin              |       |       |       |     2 |       |       ||     2
Dodge: Dodged            |    23 |    44 |    90 |   163 |   148 |    83 ||   551
Block: Tower shield      |       |       |       |    43 |   692 |   314 ||  1049

Table legend: (Time is in decaauts)
 A = Elapsed time spent in this place.
 B = Non-inter-level travel time spent in this place.
 C = Inter-level travel time spent in this place.
 D = Time resting spent in this place.
 E = Time spent auto-exploring this place.
 F = Levels seen in this place.
 G = Mean time per level.
                   A        B        C        D        E       F      G
               +--------+--------+--------+--------+--------+-----+--------+
         Total |  36005 |  34452 |   1553 |  10350 |  20299 |  27 | 1333.5 |
       Dungeon |  20500 |  19518 |    982 |   5885 |  11809 |  15 | 1366.7 |
          Lair |   8836 |   8470 |    366 |   1840 |   5711 |   6 | 1472.7 |
         Swamp |   3831 |   3773 |     58 |   1729 |   1554 |   3 | 1277.0 |
  Orcish Mines |   2536 |   2389 |    147 |    821 |   1095 |   2 | 1268.0 |
       Ossuary |    301 |    301 |      0 |     73 |    129 |   1 |  301.0 |
               +--------+--------+--------+--------+--------+-----+--------+

Top non-repeatable levels by time:
     D:4: 2689 daAuts
    D:13: 2394 daAuts
  Lair:2: 1935 daAuts
     D:9: 1911 daAuts
 Swamp:2: 1818 daAuts
   Orc:2: 1628 daAuts
     D:6: 1559 daAuts
  Lair:6: 1552 daAuts
    D:11: 1530 daAuts
     D:8: 1521 daAuts
    D:10: 1519 daAuts
  Lair:1: 1483 daAuts
  Lair:4: 1380 daAuts
  Lair:3: 1272 daAuts
  Lair:5: 1211 daAuts
